 Dungeon Crawl Stone Soup version 0.27.1-33-g824d729ab1 (webtiles) character file.

Game seed: 2743847803097427092

65013 Garessta the Devastator (level 14, -7/109 HPs)
             Began as a Demonspawn Conjurer on Dec 18, 2021.
             Was an Elder of Vehumet.
             Killed from afar by a frost giant (16 damage)
             ... with a bolt of cold
             ... on level 1 of the Depths.
             The game lasted 01:05:11 (20914 turns).

Garessta the Devastator (Demonspawn Conjurer)      Turns: 20914, Time: 01:05:11

Health: -7/109     AC: 16    Str:  8    XL:     14   Next: 73%
Magic:  9/29       EV: 16    Int: 24    God:    Vehumet [****..]
Gold:   889        SH:  7    Dex: 14    Spells: 19/35 levels left

rFire    + . .     SeeInvis .   U - staff of conjuration
rCold    . . .     Faith    .   Q - +2 buckler
rNeg     . . .     Spirit   .   a - +0 robe
rPois    .         Reflect  .   g - +2 hat
rElec    .         Harm     .   P - +2 cloak {Stlth+}
rCorr    .         Rampage  .   v - +1 pair of gloves
Will     ++...                  (no boots)
Stlth    +++.......             f - amulet of magic regeneration
HPRegen  0.00/turn              F - +4 ring of protection
MPRegen  0.46/turn              A - ring of protection from fire

@: inhibited regen
A: horns 2, molten scales 2, ignite blood 1, spiny 2, augmentation 1, talons 1,
agile 1, strong-willed 1, inhibited regeneration, evolution 1, sturdy frame 1
a: Renounce Religion


You were on level 1 of the Depths.
You worshipped Vehumet.
Vehumet was greatly pleased with you.
You visited 3 branches of the dungeon, and saw 17 of its levels.

You collected 938 gold pieces.
You spent 49 gold pieces at shops.

Inventory:

Armour
 a - a +0 robe (worn)
 g - a +2 hat (worn)
 v - a +1 pair of gloves (worn)
 w - the +4 ring mail of Gravitas {Will+}
   (You found it on level 7 of the Dungeon)

   Will:      It increases your willpower.
 P - a +2 cloak of stealth (worn)
 Q - a +2 buckler (worn)
 S - the +4 ring mail of Peek-a-Boo {Will+ Str+2 Slay+3}
   (You found it on level 11 of the Dungeon)

   Str:       It affects your strength (+2).
   Slay:      It affects your accuracy & damage with ranged weapons and melee
   (+3).
   Will:      It increases your willpower.
Magical Staves
 U - a staff of conjuration (weapon)
Jewellery
 b - a +4 ring of evasion
 f - an amulet of magic regeneration (around neck)
 i - a ring of resist corrosion
 p - an amulet of guardian spirit
 y - a +4 ring of protection
 A - a ring of protection from fire (right hand)
 F - a +4 ring of protection (left hand)
 I - a ring of ice
Wands
 o - a wand of flame (56)
 u - a wand of acid (15)
 z - a wand of paralysis (9)
 B - a wand of charming (17)
 J - a wand of mindburst (26)
 L - a wand of digging (12)
Scrolls
 c - 2 scrolls of teleportation
 e - 6 scrolls of blinking
 h - 6 scrolls of enchant weapon
 n - 4 scrolls of fear
 r - a scroll of amnesia
 s - a scroll of magic mapping {unknown}
 t - a scroll of holy word {unknown}
 x - a scroll of torment {unknown}
 D - a scroll of immolation {unknown}
 K - a scroll of vulnerability
 O - a scroll of brand weapon {unknown}
 R - a scroll of identify
 T - 2 scrolls of fog
Potions
 d - 4 potions of haste
 j - 2 potions of attraction
 k - 4 potions of flight
 l - a potion of heal wounds
 m - 2 potions of brilliance
 q - 5 potions of curing
 C - a potion of invisibility
 E - a potion of might
 G - a potion of cancellation
 H - 2 potions of ambrosia
 N - a potion of lignification


   Skills:
 + Level 9.7 Fighting
 + Level 9.0 Dodging
 - Level 1.7 Stealth
 - Level 4.0 Shields
 + Level 11.3 Spellcasting
 * Level 16.7 Conjurations
 + Level 6.3 Necromancy
 - Level 4.5 Fire Magic


You had 19 spell levels left.
You knew the following spells:

 Your Spells              Type           Power      Damage    Failure   Level
a - Magic Dart            Conj           100%       1d8       0%          1
b - Searing Ray           Conj           100%       3d7       0%          2
c - Iskenderun's Mystic   Conj/Tloc      69%        2d14      1%          4
d - Foxfire               Conj/Fire      100%       2x1d9     1%          1
e - Vampiric Draining     Necr           22%        2d9       1%          3
f - Iskenderun's Battles  Conj           96%        2d14      1%          5

Your spell library contained the following spells:

 Spells                   Type           Power      Damage    Failure   Level
 Freeze                   Ice            52%        1d7       1%          1
 Conjure Flame            Conj/Fire      77%        6-21      1%          3
 Dazzling Flash           Conj/Hex       100%       N/A       1%          3
 Inner Flame              Hex/Fire       24%        N/A       1%          3
 Fulminant Prism          Conj/Hex       34%        3d16      1%          4
 Hailstorm                Conj/Ice       69%        3d14      1%          4
 Bolt of Magma            Conj/Fire/Erth 32%        4d14      1%          5
 Starburst                Conj/Fire      38%        6d11      2%          6
 Animate Dead             Necr           22%        N/A       3%          4
 Beastly Appendage        Tmut           26%        N/A       4%          1
 Corona                   Hex            14%        N/A       4%          1
 Frozen Ramparts          Ice            26%        1d4       4%          3
 Ensorcelled Hibernation  Hex/Ice        26%        N/A       7%          2
 Slow                     Hex            13%        N/A       7%          2
 Wereblood                Tmut           13%        N/A       7%          2
 Confusing Touch          Hex            13%        N/A       14%         3
 Ozocubu's Armour         Ice            13%        N/A       14%         3
 Spider Form              Tmut/Pois      6%         N/A       14%         3
 Tukima's Dance           Hex            13%        N/A       14%         3
 Borgnjor's Vile Clutch   Necr/Erth      14%        N/A       34%         5
 Cause Fear               Hex            6%         N/A       41%         4
 Leda's Liquefaction      Hex/Erth       6%         N/A       41%         4
 Passage of Golubria      Tloc           N/A        N/A       41%         4
 Death Channel            Necr           22%        N/A       45%         6
 Silence                  Hex/Air        6%         N/A       77%         5
 Lehudib's Crystal Spear  Conj/Erth      34%        10d9      90%         8
 Dispersal                Tloc           6%         N/A       100%        6
 Statue Form              Tmut/Erth      8%         N/A       100%        6
 Ozocubu's Refrigeration  Ice            6%         4d6       100%        7
 Discord                  Hex            6%         N/A       100%        8
 Disjunction              Tloc           6%         N/A       100%        8


Dungeon Overview and Level Annotations

Branches:
Dungeon (15/15)            Temple (1/1) D:6            Lair (0/6) D:9
    Orc (0/2) D:11         Vaults (0/5) D:13         Depths (1/5) D:15

Altars:
Ashenzari
Cheibriados
Dithmenos
Elyvilon
Fedhas
Gozag
Hepliaklqana
Kikubaaqudgha
Makhleb
Nemelex Xobeh
Okawaru
Qazlal
Ru
Sif Muna
Trog
Uskayaw
Vehumet
Wu Jian
Xom
Yredelemnul
Zin
The Shining One

Shops:
D:2 [   D:6 *

Portals:
Pandemonium: Depths:1
Trove: D:14 (give 4 potions of resistance)

Annotations:
D:10 2 transporters


Innate Abilities, Weirdness & Mutations

You have a pair of horns on your head.
You are mostly covered in molten scales. (AC +3)
Your demonic aura sometimes causes spilled blood to erupt in flames.
You are mostly covered in sharp spines.
Your magical and physical power is slightly enhanced at high health.
You have sharp toenails.
You are agile. (Dex +2)
You are strong-willed. (Will+)
You do not regenerate when monsters are visible.
You evolve.
Your movements are slightly less encumbered by armour. (ER -2)


Message History

Aiming: Searing Ray (safe; 0% risk of failure)
Press: ? - help, Shift-Dir - straight line, f - frost giant
Aim: a frost giant, wielding a +1 battleaxe of freezing (heavily wounded, ally target, 98% to hit)
You feel a surge of power!
The searing ray hits the frost giant!
The frost giant is heavily wounded. (Press . to maintain the ray.)
Your battlesphere fires!
The barrage of energy hits the frost giant.
The frost giant is severely wounded.
The frost giant is engulfed in blazing flames.
The frost giant gestures at you while chanting.
The bolt of cold hits your battlesphere!
Your battlesphere resists.
The bolt of cold hits you!!!
Ouch! That really hurt!
You hear a shout!
The frost giant is engulfed in blazing flames.
As you read the scroll of teleportation, it crumbles to dust.
You feel strangely unstable.
You start resting.
Your surroundings suddenly seem different.
Casting: Searing Ray (safe; 0% risk of failure)
Confirm with . or Enter, or press ? or * to list all spells.
You feel a surge of power!
You erupt in a blast of force!
The mystic blast hits the frost giant!!
The frost giant is lightly wounded.
The frost giant shouts!
The frost giant is knocked back by the mystic blast.
Casting: Iskenderun's Mystic Blast (safe; 1% risk of failure)
Confirm with . or Enter, or press ? or * to list all spells.
You feel a surge of power!
You erupt in a blast of force!
The mystic blast hits the frost giant.
The frost giant is lightly wounded.
The frost giant is knocked back by the mystic blast.
The frost giant points at you and mumbles some strange words.
The bolt of cold hits you!!!
* * * LOW HITPOINT WARNING * * *
The frost giant points at you and mumbles some strange words.
The bolt of cold hits you!
You die...

..# #.# #.# ###
#.# #.......# #.#
#.......# #.#
#............
#.###............
#@*..............
#........# #.....
.####........#
#.....
#..........C..#
#.....#
#########.....#
#...... #.....#
#. #......# #.
#......# #C
###.^..# #.


You could see a frost giant and a friendly battlesphere.

Vanquished Creatures
  Nikola (Depths:1)
  Asterion (Depths:1)
  A cacodemon (Depths:1)
  2 very ugly things (Depths:1)
  A stone giant (Depths:1)
  4 ettins
  Josephine (D:10)
  A fire dragon (Depths:1)
  2 great orbs of eyes (Depths:1)
  A vault guard (D:14)
  Fannar (D:10)
  2 boulder beetles
  4 hydras
  A spriggan air mage (Depths:1)
  A catoblepas (D:15)
  8 two-headed ogres
  3 centaur warriors
  2 dancing weapons (D:13)
  2 tengu warriors (D:15)
  2 deep troll earth magi (Depths:1)
  A vampire mage (Depths:1)
  An iron troll (Depths:1)
  4 deep trolls
  An orb spider (shapeshifter) (D:15)
  2 orc knights
  2 necromancers
  3 deep elf pyromancers
  A wizard (D:15)
  8 ugly things
  6 manticores
  11 cyclopes
  2 gargoyles (D:12)
  A cane toad (shapeshifter) (D:13)
  Maggie (D:7)
  An efreet (D:15)
  3 komodo dragons
  A yaktaur (D:15)
  A kobold demonologist (D:5)
  3 tengu conjurers
  4 trolls
  2 hornets (D:11)
  3 slime creatures (D:12)
  A deep troll zombie (Depths:1)
  A frost giant simulacrum (Depths:1)
  Sigmund (D:4)
  4 shadows
  A centaur simulacrum (D:11)
  2 ynoxinuls (Depths:1)
  6 wraiths
  2 wyverns (D:9)
  3 basilisks (D:9)
  8 yaks (D:10)
  A chaos spawn (Depths:1)
  A neqoxec (Depths:1)
  2 vampire mosquitoes (D:10)
  A steam dragon (D:8)
  A warg (D:15)
  An acid dragon (D:9)
  2 water moccasins (D:9)
  3 black bears
  A necrophage (D:6)
  4 orc warriors
  3 ice beasts (D:6)
  4 ogres
  A boggart (D:11)
  2 wolves (D:9)
  5 centaurs
  A phantom (D:4)
  5 kobold brigands
  A bullfrog (D:8)
  2 gnoll sergeants
  A human simulacrum (Depths:1)
  2 scorpions (D:9)
  A troll zombie (D:11)
  8 killer bees
  9 wights
  7 howler monkeys
  3 centaur zombies
  A centaur skeleton (D:7)
  A hound (D:5)
  A jelly (D:4)
  6 orc priests
  A bullfrog skeleton (D:6)
  2 gnoll shamans
  5 iguanas
  Natasha (twice) (D:3)
  7 orc wizards
  A scorpion zombie (D:5)
  7 ogre zombies (D:11)
  2 killer bee zombies
  Robin (D:3)
  17 gnolls
  4 adders
  2 shadow imps
  An ufetubus (D:6)
  2 dart slugs
  16 orcs
  14 endoplasms
  5 giant cockroaches
  8 goblins
  14 hobgoblins
  5 jackals
  5 quokkas
  4 ball pythons
  3 bats (D:1)
  7 frilled lizards
  A goblin zombie (D:11)
  A hobgoblin skeleton (D:11)
  2 hobgoblin zombies (D:11)
  21 kobolds
  2 orc skeletons (D:11)
  19 orc zombies (D:11)
  2 rats
396 creatures vanquished.

Vanquished Creatures (others)
  2 fungi (D:9)
  18 plants
20 creatures vanquished.

Grand Total: 416 creatures vanquished

Notes
Turn   | Place    | Note
-------+----------+-------------------------------------------
     0 | D:1      | Garessta the Demonspawn Conjurer began the quest for the
                  | Orb.
     0 | D:1      | Reached XP level 1. HP: 13/13 MP: 3/3
   253 | D:1      | Gained mutation: You are partially covered in molten
                  | scales. (AC +2) [demonic ancestry]
   253 | D:1      | Reached XP level 2. HP: 19/19 MP: 1/5
   264 | D:1      | Learned a level 2 spell: Searing Ray
   552 | D:1      | Reached XP level 3. HP: 24/24 MP: 4/6
   633 | D:1      | Found a faded altar of an unknown god.
  1129 | D:2      | Reached skill level 5 in Conjurations
  1310 | D:2      | Found Mosack's Antique Armour Boutique.
  1320 | D:2      | Gained mutation: You have a pair of small horns on your
                  | head. [demonic ancestry]
  1320 | D:2      | Reached XP level 4. HP: 30/30 MP: 5/8
  1840 | D:2      | Learned a level 4 spell: Iskenderun's Mystic Blast
  2343 | D:3      | Reached XP level 5. HP: 35/35 MP: 3/9
  2412 | D:3      | Reached skill level 6 in Conjurations
  2648 | D:3      | Identified the +0 helmet "Reutuegh" {*Slow rF- rCorr Dex+9}
  2648 | D:3      | Noticed Robin
  2696 | D:3      | Killed Robin
  2937 | D:3      | Noticed Natasha
  2942 | D:3      | Killed Natasha
  3122 | D:3      | Gained mutation: You are partially covered in sharp spines.
                  | [demonic ancestry]
  3122 | D:3      | Reached XP level 6. HP: 41/41 MP: 7/11
  3178 | D:3      | Noticed Natasha
  3186 | D:3      | Killed Natasha
  3455 | D:4      | Noticed Sigmund
  3463 | D:4      | Killed Sigmund
  3464 | D:4      | Reached skill level 7 in Conjurations
  3536 | D:4      | Reached XP level 7. HP: 46/46 MP: 3/13
  4336 | D:4      | Found an ornate altar of the Wu Jian Council.
  4416 | D:4      | Reached skill level 8 in Conjurations
  4543 | D:5      | Entered Level 5 of the Dungeon
  4549 | D:5      | Identified the +1 ring mail of Filth {-Cast rF+ rCorr SInv}
  4808 | D:5      | Noticed a kobold demonologist
  4853 | D:5      | Killed a kobold demonologist
  4854 | D:5      | Reached skill level 5 in Spellcasting
  4854 | D:5      | Gained mutation: You are mostly covered in molten scales.
                  | (AC +3) [demonic ancestry]
  4854 | D:5      | Reached XP level 8. HP: 52/52 MP: 10/15
  4984 | D:5      | Found a shadowy altar of Dithmenos.
  5063 | D:5      | Reached skill level 9 in Conjurations
  5415 | D:6      | Found a staircase to the Ecumenical Temple.
  5433 | Temple   | Entered the Ecumenical Temple
  5491 | Temple   | Became a worshipper of Vehumet
  5842 | D:6      | Reached skill level 10 in Conjurations
  6169 | D:6      | Gained mutation: You are mostly covered in sharp spines.
                  | [demonic ancestry]
  6169 | D:6      | Reached XP level 9. HP: 57/57 MP: 12/18
  6262 | D:6      | Found Eroukk's General Store.
  6266 | D:6      | Bought a scroll of fear for 49 gold pieces
  6269 | D:6      | Gained mutation: You are strong-willed. (Will+) [potion of
                  | mutation]
  6269 | D:6      | Gained mutation: Your body sometimes deteriorates upon
                  | taking damage. [potion of mutation]
  6269 | D:6      | Gained mutation: You have sharp toenails. [potion of
                  | mutation]
  6919 | D:7      | Reached skill level 11 in Conjurations
  6949 | D:7      | Found an opulent altar of Gozag.
  6995 | D:7      | Identified the +4 ring mail of Gravitas {Will+}
  7147 | D:7      | Reached * piety under Vehumet
  7147 | D:7      | Offered knowledge of Freeze by Vehumet.
  7508 | D:7      | Noticed Maggie
  7523 | D:7      | Killed Maggie
  7941 | D:8      | Reached skill level 1 in Fighting
  8274 | D:8      | Found a bloodstained altar of Trog.
  8515 | D:8      | Lost mutation: You have sharp toenails. [potion of
                  | mutation]
  8515 | D:8      | Lost mutation: Your body sometimes deteriorates upon taking
                  | damage. [potion of mutation]
  8515 | D:8      | Gained mutation: Your movements are slightly less
                  | encumbered by armour. (ER -2) [potion of mutation]
  8515 | D:8      | Gained mutation: You evolve. [potion of mutation]
  8519 | D:9      | Offered knowledge of Shock by Vehumet.
  8520 | D:9      | Reached skill level 12 in Conjurations
  8520 | D:9      | Reached XP level 10. HP: 59/67 MP: 18/21
  8520 | D:9      | Reached ** piety under Vehumet
  8638 | D:9      | Found a staircase to the Lair.
  9422 | D:9      | Noticed a two-headed ogre
  9427 | D:9      | Killed a two-headed ogre
  9516 | D:10     | Entered Level 10 of the Dungeon
  9552 | D:10     | Noticed Fannar
  9565 | D:10     | Killed Fannar
  9651 | D:10     | Reached skill level 13 in Conjurations
  9659 | D:10     | Gained mutation: You have a pair of horns on your head.
                  | [demonic ancestry]
  9659 | D:10     | Reached XP level 11. HP: 78/78 MP: 20/23
  9706 | D:10     | Noticed a stone giant
  9707 | D:10     | Found a transporter.
  9712 | D:10     | Found a transporter.
  9761 | D:10     | Found a basalt altar of Yredelemnul.
  9761 | D:10     | Found a burning altar of Makhleb.
  9761 | D:10     | Found a shimmering blue altar of Sif Muna.
  9768 | D:10     | Found a sacrificial altar of Ru.
  9772 | D:10     | Offered knowledge of Ignite Poison by Vehumet.
  9783 | D:10     | Reached *** piety under Vehumet
  9857 | D:10     | Noticed Josephine
  9865 | D:10     | Killed Josephine
  9892 | D:10     | Reached skill level 5 in Fighting
  9993 | D:10     | Reached skill level 5 in Dodging
 10155 | D:10     | Found a hazy altar of Hepliaklqana.
 10416 | D:11     | Offered knowledge of Stone Arrow by Vehumet.
 10419 | D:11     | Learned a level 1 spell: Foxfire
 10812 | D:11     | Reached skill level 1 in Fire Magic
 10958 | D:11     | Reached **** piety under Vehumet
 11075 | D:11     | Found a staircase to the Orcish Mines.
 11088 | D:11     | Offered knowledge of Freezing Cloud by Vehumet.
 11150 | D:11     | Noticed an eight-headed hydra
 11160 | D:11     | Noticed a two-headed ogre
 11161 | D:11     | Killed an eight-headed hydra
 11557 | D:11     | Killed a two-headed ogre
 11558 | D:11     | Reached skill level 14 in Conjurations
 11618 | D:11     | Noticed a two-headed ogre
 11625 | D:11     | Killed a two-headed ogre
 11694 | D:11     | Reached XP level 12. HP: 85/88 MP: 20/25
 12377 | D:11     | You fall into a shaft and drop 3 floors!
 12392 | D:14     | Noticed a boulder beetle
 12414 | D:14     | Noticed a six-headed hydra
 12581 | D:13     | Noticed a centaur warrior
 12588 | D:13     | Killed a centaur warrior
 12886 | D:13     | Gained mutation: You rapidly evolve. [evolution]
 13241 | D:13     | Noticed a two-headed ogre
 13251 | D:13     | Killed a two-headed ogre
 13486 | D:12     | Noticed a two-headed ogre
 13493 | D:12     | Killed a two-headed ogre
 13502 | D:12     | Noticed a two-headed ogre
 13510 | D:12     | Killed a two-headed ogre
 14037 | D:12     | Reached skill level 10 in Spellcasting
 14088 | D:12     | Found a bloodstained altar of Trog.
 14372 | D:11     | Gained mutation: Your flesh is cold resistant. (rC+)
                  | [evolution]
 14434 | D:11     | Found a runed translucent door.
 14434 | D:11     | Found a runed translucent door.
 14849 | D:11     | Reached skill level 15 in Conjurations
 15534 | D:11     | Identified the +4 ring mail of Peek-a-Boo {Will+ Str+2
                  | Slay+3}
 15544 | D:11     | Learned a level 3 spell: Vampiric Draining
 15897 | D:12     | Reached skill level 1 in Shields
 15897 | D:12     | Gained mutation: Your demonic aura sometimes causes spilled
                  | blood to erupt in flames. [demonic ancestry]
 15897 | D:12     | Reached XP level 13. HP: 76/97 MP: 25/27
 15995 | D:12     | Reached ***** piety under Vehumet
 15996 | D:12     | Reached skill level 1 in Necromancy
 16240 | D:13     | Offered knowledge of Iskenderun's Battlesphere by Vehumet.
 16247 | D:13     | Learned a level 5 spell: Iskenderun's Battlesphere
 16399 | D:13     | Found a gate to the Vaults.
 16640 | D:13     | Found a hide-covered altar of Uskayaw.
 17203 | D:14     | Found a portal to a secret trove of treasure.
 17615 | D:14     | Found a stormy altar of Qazlal.
 17739 | D:15     | Entered Level 15 of the Dungeon
 18221 | D:15     | Noticed an ettin
 18230 | D:15     | Killed an ettin
 18663 | D:15     | Found a staircase to the Depths.
 19302 | Depths:1 | Entered Level 1 of the Depths
 19306 | Depths:1 | Gained mutation: Your magical and physical power is
                  | slightly enhanced at high health. [demonic ancestry]
 19306 | Depths:1 | Reached XP level 14. HP: 106/106 MP: 19/28
 19312 | Depths:1 | Reached skill level 16 in Conjurations
 19368 | Depths:1 | Found an iron altar of Okawaru.
 19540 | Depths:1 | Reached skill level 5 in Necromancy
 19802 | Depths:1 | Lost mutation: Your flesh is cold resistant. (rC+)
                  | [evolution]
 19839 | Depths:1 | Found a one-way gate leading to the halls of Pandemonium.
 19839 | Depths:1 | Noticed a cacodemon
 19842 | Depths:1 | Gained mutation: You are clumsy. (Dex -2) [a cacodemon]
 19843 | Depths:1 | Gained mutation: You do not regenerate when monsters are
                  | visible. [a cacodemon]
 19849 | Depths:1 | Killed a cacodemon
 19849 | Depths:1 | Noticed a stone giant
 19867 | Depths:1 | Killed a stone giant
 19894 | Depths:1 | Noticed Asterion
 19954 | Depths:1 | Killed Asterion
 20024 | Depths:1 | Noticed Nikola
 20038 | Depths:1 | Killed Nikola
 20240 | Depths:1 | Noticed a green very ugly thing
 20242 | Depths:1 | Noticed a green very ugly thing
 20244 | Depths:1 | Noticed a frost giant
 20250 | Depths:1 | Killed a green very ugly thing
 20250 | Depths:1 | Killed a green very ugly thing
 20259 | Depths:1 | HP: 3/108 [frost giant/bolt of cold (46)]
 20633 | D:15     | Lost mutation: You rapidly evolve. [potion of mutation]
 20633 | D:15     | Lost mutation: You evolve. [potion of mutation]
 20633 | D:15     | Gained mutation: You sometimes lose the ability to read
                  | scrolls when taking damage. [potion of mutation]
 20633 | D:15     | Gained mutation: Your flesh is cold resistant. (rC+)
                  | [potion of mutation]
 20634 | D:15     | Lost mutation: You sometimes lose the ability to read
                  | scrolls when taking damage. [potion of mutation]
 20634 | D:15     | Lost mutation: You are clumsy. (Dex -2) [potion of
                  | mutation]
 20634 | D:15     | Lost mutation: Your flesh is cold resistant. (rC+) [potion
                  | of mutation]
 20634 | D:15     | Gained mutation: You are agile. (Dex +2) [potion of
                  | mutation]
 20634 | D:15     | Gained mutation: You evolve. [potion of mutation]
 20700 | Depths:1 | Gained mutation: You have sharp toenails. [evolution]
 20887 | Depths:1 | Noticed a frost giant
 20914 | Depths:1 | Killed from afar by a frost giant

Illustrated notes

Levels and vault maps discovered:
D:1:      evilmike_arrival_hilbert_curve, layout_rooms,
          shapermc_ecumenical_altar_petra
D:2:      layout_loops_cross, serial_shops, nicolae_shop_overgrown_old_shop,
          grunt_decor_one_mirror
D:3:      minmay_skewed_foursquare, layout_basic,
          hangedman_abyss_or_decor_lesser_grid, minmay_misc_feat_ornament,
          minmay_misc_feat_diagonals, uniq_robin, uniq_natasha
D:4:      layout_basic, nzn_wu_jian_council_hall, uniq_sigmund
D:5:      layout_loops_ring, mainiacjoe_overflow_alcove_2
D:6:      layout_loops_ring, temple_statues, serial_shops, nicolae_shop_stone,
          st_stairs_10
D:7:      layout_loops_ring, mainiacjoe_overflow_boulevard, serial_rivers,
          chequers_serial_rivers_small_3, chequers_serial_rivers_small_b,
          chequers_serial_rivers_micro_c, chequers_serial_rivers_small_a,
          chequers_serial_rivers_micro_a, minmay_misc_feat_rugged, uniq_maggie
D:8:      layout_loops_ring, trog_book
D:9:      layout_rooms, minmay_lair_entry_grove
D:10:     layout_roguey, nicolae_ru_sacrificial_ziggurat,
          gammafunk_temple_overflow_arena, worldfamousw_hep_ancestral_shrine,
          uniq_josephine, uniq_fannar
D:11:     minmay_the_grid_triangle_9x9_recursive_2
          [minmay_the_grid_triangle_9x9_prize_schism,
          minmay_the_grid_triangle_9x9_swiss_cheese,
          minmay_the_grid_triangle_9x9_tough_junction,
          minmay_the_grid_triangle_9x9_flanged_cone], layout_layer_cave,
          zombieorc2_lemuel
D:12:     layout_irregular_city, trog_butcher_becter
D:13:     layout_roguey, erik_vaults_1, nicolae_uskayaw_murder_on_the_dancefloor
D:14:     layout_gridville, nicolae_qazlal_eye_of_the_storm, enter_trove_5,
          hangedman_decor_points
D:15:     hangedman_depths_entry_civil_slaughter, layout_loops_ring, hex_tiny,
          drop_trap
Temple:   dshaligram_water_room_temple
Depths:1: layout_basic, rand_demon_pan_entry_4, okawaru_trees_2,
          grunt_hell_entry_dis_old, drop_trap, led_sif_pool, uniq_asterion,
          uniq_nikola

Skill      XL: |  1  2  3  4  5  6  7  8  9 10 11 12 13 14 |
---------------+-------------------------------------------+-----
Conjurations   | 5 6 7 8 10 12 13 14 15 16 | 16.7
Spellcasting   | 3 4 5 6 7 8 9 10 11 | 11.3
Dodging        | 2 4 6 7 8 9 |  9.0
Fighting       | 2 4 6 7 8 9 |  9.7
Fire Magic     | 2 4 |  4.5
Shields        | 1 4 |  4.0
Necromancy     | 4 6 |  6.3
Stealth        | |  1.7

Action                   |  1- 3 |  4- 6 |  7- 9 | 10-12 | 13-15 || total
-------------------------+-------+-------+-------+-------+-------++-------
Melee: Battleaxe         |    12 |     8 |     1 |     1 |       ||    22
       Headbutt          |       |     2 |       |       |       ||     2
       Kick              |       |       |     1 |       |       ||     1
       Flail             |       |       |       |       |     4 ||     4
 Cast: Magic Dart        |    52 |    35 |    25 |    46 |     7 ||   165
       Searing Ray       |     5 |    26 |    73 |   159 |    86 ||   349
       Iskenderun's Myst |       |     1 |    11 |    69 |   126 ||   207
       Iskenderun's Batt |       |       |       |       |    28 ||    28
  Use: Scroll            |       |     6 |     4 |     8 |     9 ||    27
       Potion            |       |       |     2 |       |     2 ||     4
Armor: Robe              |    10 |     5 |    21 |    52 |    20 ||   108
Dodge: Dodged            |    10 |    13 |    23 |    71 |    49 ||   166
Block: Buckler           |       |       |       |       |     9 ||     9
